[Event "ICCopen2016"]
[Site "Internet Chess Club"]
[Date "2016.06.04"]
[Round "11"]
[White "El-Kaiser"]
[Black "WhiteMoon"]
[Result "1-0"]
[ICCResult "Black forfeits on time"]
[WhiteElo "2391"]
[BlackElo "2092"]
[Opening "QGD: Tarrasch, Prague variation, Normal position"]
[ECO "D34"]
[NIC "TD.04"]
[Time "15:54:02"]
[TimeControl "180+0"]

1. d4 d5 2. c4 e6 3. Nc3 c5 4. cxd5 exd5 5. Nf3 Nc6 6. g3 Nf6 7. Bg2 Be7 8.
O-O O-O 9. Be3 c4 10. b3 Qa5 11. Rc1 Ba3 12. Rc2 Bb4 13. Na4 Bf5 14. Rc1 Ba3
15. Ra1 c3 16. Ne5 Bb2 17. h3 Rac8 18. g4 Bxa1 19. Qxa1 Be4 20. Qxc3 Qxc3
21. Nxc3 Bxg2 22. Kxg2 Nxe5 23. dxe5 Rxc3 24. exf6 Rc2 25. fxg7 Kxg7 26. Rd1
Rd8 27. a4 Rxe2 28. Bxa7 Rd7 29. Kf3 Rc2 30. Rd3 f6 31. Bd4 Kg6 32. Kg3 h6
33. Rf3 Rd6 34. h4 Re6 35. Rf5 Rce2 36. Rxd5 Rc2 37. Rd7
{Black forfeits on time}
1-0

[Event "ICCopen2016"]
[Site "Internet Chess Club"]
[Date "2016.06.04"]
[Round "11"]
[White "alexandros"]
[Black "SuperGMBobbyF"]
[Result "0-1"]
[ICCResult "White resigns"]
[WhiteElo "1585"]
[BlackElo "1301"]
[Opening "Blackmar gambit"]
[ECO "D00"]
[NIC "QP.08"]
[Time "15:54:02"]
[TimeControl "180+0"]

1. d4 d5 2. e4 dxe4 3. Nc3 f5 4. f3 Nf6 5. Bg5 e6 6. fxe4 fxe4 7. Nxe4 Be7
8. Nxf6+ Bxf6 9. Bxf6 Qxf6 10. Nf3 O-O 11. Bc4 Nc6 12. O-O a6 13. a4 Bd7 14.
c3 Be8 15. Qe1 Bf7 16. Ne5 Qe7 17. Nxf7 Rxf7 18. Rxf7 Kxf7 19. d5 Na5 20.
dxe6+ Kg8 21. Bd5 Qc5+ 22. Qf2 Qxd5 23. Qf7+ Kh8 24. Rf1 Qc5+ 25. Kh1 Nc6
26. Qxc7 Rf8 27. Rxf8+ Qxf8 28. Qf7 Qd8 29. h3 Qd1+ 30. Kh2 Qd6+ 31. Kg1
Qd1+ 32. Kf2 Qd2+ 33. Kg3 Qe3+ 34. Kh2 Qe5+ 35. Kh1 h6 36. Qxb7 Qxe6 37.
Qxa6 Qe1+ 38. Kh2 Ne5 39. Qe6 Nf3+ 40. gxf3 Qxe6 41. Kg3 Qd6+ 42. f4 Qd3+
43. Kg4 Qc2 44. a5 Qxb2 {White resigns} 0-1

[Event "ICCopen2016"]
[Site "Internet Chess Club"]
[Date "2016.06.04"]
[Round "11"]
[White "fearlessone"]
[Black "JohnnieW"]
[Result "0-1"]
[ICCResult "White forfeits on time"]
[WhiteElo "1708"]
[BlackElo "1986"]
[Opening "Van't Kruijs opening"]
[ECO "A00"]
[Time "15:53:49"]
[TimeControl "180+0"]

1. e3 d6 2. Ne2 e5 3. d3 f5 4. Nd2 Nf6 5. g3 Be7 6. Bg2 O-O 7. O-O c6 8. b3
Qe8 9. Bb2 Na6 10. a3 Be6 11. c4 Qh5 12. Nc3 Qh6 13. b4 Rac8 14. Qe2 d5 15.
c5 Nc7 16. Nf3 Nd7 17. Nb1 Bf6 18. Nbd2 Bf7 19. Rfe1 Bh5 20. Qf1 Rce8 21. e4
fxe4 22. dxe4 Kh8 23. h3 Bg6 24. Bc1 Bg5 25. Nxg5 Qxg5 26. Nc4 Qf6 27. Nd6
Rb8 28. Bb2 d4 29. Rad1 b6 30. Nc4 bxc5 31. bxc5 Nxc5 32. Bc1 Rb3 33. Kh1 h6
34. Nd2 Rb5 35. Qc4 Qe6 36. Qf1 Qf7 37. Nc4 Qxf2 38. Nd2 Qxf1+ 39. Rxf1
Rxf1+ 40. Rxf1 Kh7 41. Rf2 N7a6 {White forfeits on time} 0-1

[Event "ICCopen2016"]
[Site "Internet Chess Club"]
[Date "2016.06.04"]
[Round "11"]
[White "depressnyak"]
[Black "LastKeks"]
[Result "1-0"]
[ICCResult "Black resigns"]
[WhiteElo "3157"]
[BlackElo "3075"]
[Opening "Réti: King's Indian attack"]
[ECO "A05"]
[NIC "QP.11"]
[Time "15:54:39"]
[TimeControl "180+0"]

1. Nf3 Nf6 2. g3 g6 3. b3 Bg7 4. Bb2 O-O 5. Bg2 d6 6. d4 e5 7. dxe5 Nfd7 8.
Nc3 dxe5 9. e4 c6 10. O-O Re8 11. a4 Na6 12. a5 Nac5 13. Nd2 Ne6 14. Nc4 Nd4
15. Nd6 Re6 16. Nxc8 Rxc8 17. Nb1 Qe7 18. c3 Nb5 19. Nd2 Nc5 20. Qc2 Rd6 21.
Nc4 Rdd8 22. Rad1 h5 23. b4 Ne6 24. h4 Rxd1 25. Rxd1 Rd8 26. Bh3 Rxd1+ 27.
Qxd1 Qd8 28. Qe2 Nec7 29. Nd2 Qd6 30. Nf3 b6 31. axb6 axb6 32. Kg2 Bf6 33.
Qc4 Kg7 34. Bc1 Ne8 35. Be3 Qc7 36. Qd3 Nbd6 37. c4 b5 38. c5 Nc4 39. Bc1
Kf8 40. Qd7 Be7 41. Bh6+ Ng7 42. Qxc7 {Black resigns} 1-0

[Event "ICCopen2016"]
[Site "Internet Chess Club"]
[Date "2016.06.04"]
[Round "11"]
[White "Freedoom"]
[Black "tophop"]
[Result "1-0"]
[ICCResult "Black forfeits on time"]
[WhiteElo "1918"]
[BlackElo "1631"]
[Opening "Caro-Kann: closed (Breyer) variation"]
[ECO "B10"]
[NIC "CK.01"]
[Time "15:54:02"]
[TimeControl "180+0"]

1. e4 c6 2. d3 d5 3. e5 c5 4. f4 Nc6 5. Nf3 Bg4 6. Be2 e6 7. c4 h5 8. Nc3
Nh6 9. cxd5 exd5 10. O-O Nf5 11. Bd2 h4 12. Rc1 h3 13. g3 g6 14. Ng5 Bxe2
15. Qxe2 Ncd4 16. Qf2 Be7 17. Nf3 Ne6 18. Ne2 d4 19. g4 Nh4 20. Ng3 Ng2 21.
f5 Nef4 22. f6 Bf8 23. Bxf4 Nxf4 24. Qd2 Nd5 25. Ne4 Ne3 26. Nxc5 Qd5 27.
Qb4 Nxf1 28. Qb5+ Qc6 29. Qxc6+ bxc6 30. Kxf1 O-O-O 31. Nb3 Kb7 32. Ke2 Rd5
33. Nbxd4 Bc5 34. Nb3 Bb6 35. d4 Re8 36. Kd3 Red8 37. Ke4
{Black forfeits on time}
1-0

[Event "ICCopen2016"]
[Site "Internet Chess Club"]
[Date "2016.06.04"]
[Round "11"]
[White "Astaneh"]
[Black "Barbos"]
[Result "1-0"]
[ICCResult "Black forfeits on time"]
[WhiteElo "2738"]
[BlackElo "2547"]
[Opening "Queen's pawn game"]
[ECO "A50"]
[NIC "QP.07"]
[Time "15:53:51"]
[TimeControl "180+0"]

1. d4 Nf6 2. c4 a6 3. e3 e6 4. Nf3 c5 5. Nc3 d5 6. cxd5 exd5 7. Bd3 c4 8.
Bc2 b5 9. O-O Bb7 10. Re1 Be7 11. e4 dxe4 12. Nxe4 Nxe4 13. Bxe4 Bxe4 14.
Rxe4 O-O 15. a4 Bf6 16. Qe2 Qd5 17. Ne5 Nc6 18. Nxc6 Qxc6 19. Bf4 h6 20. Be5
Rfe8 21. h3 b4 22. Rc1 Rac8 23. Re3 Bg5 24. f4 Bd8 25. Qd2 Qd5 26. f5 Bg5
27. Bf4 Rxe3 28. Bxe3 Qxf5 29. Bxg5 Qxg5 30. Qxg5 hxg5 31. Kf2 a5 32. Ke3
Kf8 33. d5 Re8+ 34. Kd4 Re2 35. Rxc4 Rxb2 36. Rc5 Rxg2 37. Rxa5 b3 38. Ke5
b2 39. Kd6 g6 40. Ra8+ Kg7 41. Rb8 f5 42. a5 f4 43. a6 f3 44. a7 f2 45. a8=Q
f1=Q 46. Rb7+ Qf7 47. Rxf7+ Kxf7 48. Qb7+ Kf6 49. Qb3 Rf2 50. Qc3+ Kf5 51.
Qd4 {Black forfeits on time} 1-0

[Event "ICCopen2016"]
[Site "Internet Chess Club"]
[Date "2016.06.04"]
[Round "11"]
[White "hawkstorm"]
[Black "Smokie"]
[Result "1-0"]
[ICCResult "Black forfeits on time"]
[WhiteElo "1538"]
[BlackElo "1378"]
[Opening "Sicilian: Smith-Morra gambit"]
[ECO "B21"]
[NIC "SI.48"]
[Time "15:55:01"]
[TimeControl "180+0"]

1. e4 c5 2. d4 cxd4 3. c3 dxc3 4. Nxc3 Nc6 5. Bc4 d6 6. Qe2 Nf6 7. Nf3 Bg4
8. e5 Nxe5 9. Bb5+ Nfd7 10. Qe4 Bxf3 11. gxf3 Qb6 12. O-O e6 13. f4 f5 14.
Qg2 Ng6 15. Be3 Qd8 16. Rad1 Be7 17. Qh3 O-O 18. Bd4 e5 19. fxe5 Ndxe5 20.
Be3 Nh4 21. Be2 Bg5 22. Bd4 Qf6 23. f4 Bxf4 24. Rxf4 Qg6+ 25. Kh1 Nhf3 26.
Bxf3 Nxf3 27. Rxf3 Rae8 28. Rg1 Qe6 29. Rxg7+ {Black forfeits on time} 1-0

[Event "ICCopen2016"]
[Site "Internet Chess Club"]
[Date "2016.06.04"]
[Round "11"]
[White "flinkfinger"]
[Black "KAPAMA3OB"]
[Result "1/2-1/2"]
[ICCResult "White ran out of time and Black has no material to mate"]
[WhiteElo "2244"]
[BlackElo "2746"]
[Opening "QGD semi-Slav: Stoltz variation"]
[ECO "D45"]
[NIC "SL.08"]
[Time "15:53:48"]
[TimeControl "180+0"]

1. Nf3 Nf6 2. c4 e6 3. Nc3 d5 4. d4 c6 5. e3 Nbd7 6. Qc2 Bd6 7. Be2 O-O 8.
O-O e5 9. cxd5 cxd5 10. Nb5 Bb8 11. dxe5 Nxe5 12. Nxe5 Bxe5 13. Bd2 a6 14.
Nd4 Re8 15. Bc3 Ne4 16. Bd3 Qe7 17. Ne2 Bd6 18. Bd4 Bd7 19. Bxe4 dxe4 20.
Rac1 Bb5 21. Rfd1 Bd3 22. Qd2 h5 23. Nf4 Bxf4 24. exf4 Rad8 25. Qe3 Qe6 26.
b3 h4 27. h3 Qf5 28. Bb6 Rd6 29. Bc5 Rg6 30. Rxd3 exd3 31. Qxe8+ Kh7 32. Qe3
Rc6 33. Rd1 Rxc5 34. Qxd3 Qxd3 35. Rxd3 Rc1+ 36. Kh2 Rc2 37. Rd7 f6 38. Rxb7
Rxa2 39. f5 Rxf2 40. Ra7 Ra2 41. Kg1 Kh6 42. Kf1 Ra3 43. b4 Ra4 44. Rb7 a5
45. bxa5 Rxa5 46. Rb8 Rxf5+ 47. Kg1 Kg5 48. Rb7 g6 49. Rb4 Rf4 50. Rb6 f5
51. Rc6 Ra4 52. Kh2 Ra3 53. Rb6 Rg3 54. Rc6 Kh5 55. Rc8 Ra3 56. Rh8+ Kg5 57.
Rg8 Ra6 58. Rh8 Ra7 59. Rf8 Ra4 60. Rh8 Kf6 61. Rf8+ Kg7 62. Rb8 g5 63. Kg1
g4 64. hxg4 fxg4 65. Kf2 Ra3 66. Rb4 Rg3 67. Rb7+ Kf6 68. Rb6+ Ke5 69. Rb5+
Kd4 70. Rb4+ Kc5 71. Rb8 Ra3 72. Rc8+ Kd5 73. Rh8 Ra2+ 74. Ke3 Rxg2 75. Rxh4
Ke5 76. Rh5+ Kf6 77. Kf4 g3 78. Rh3 Rf2+ 79. Kxg3 Ra2 80. Rh4 Kf5 81. Rf4+
Kg5 82. Rf3 Ra4 83. Rf2 Ra6 84. Kg2 Kh5 85. Rf3 Kg4 86. Rg3+ Kf4 87. Rh3 Ke4
88. Rh4+ Kf5 89. Rh3 Kg4 90. Ra3 Kf4 91. Rxa6 Ke3 92. Ra5 Ke4 93. Kg3 Kd3
94. Ra4 Kd2 {White ran out of time and Black has no material to mate}
1/2-1/2

[Event "ICCopen2016"]
[Site "Internet Chess Club"]
[Date "2016.06.04"]
[Round "11"]
[White "eternalwarrior"]
[Black "Imaneverwas"]
[Result "0-1"]
[ICCResult "White forfeits on time"]
[WhiteElo "1430"]
[BlackElo "1701"]
[Opening "Sicilian: Alapin's variation (2.c3)"]
[ECO "B22"]
[NIC "SI.46"]
[Time "15:54:07"]
[TimeControl "180+0"]

1. e4 c5 2. c3 d5 3. exd5 Qxd5 4. d4 e6 5. Nf3 Nf6 6. Be3 cxd4 7. Nxd4 a6 8.
Be2 Be7 9. O-O O-O 10. Nd2 Qd8 11. Bf3 Qc7 12. Qb3 Rd8 13. Rad1 Nd5 14. Nc4
e5 15. Nc2 Nxe3 16. Rxd8+ Qxd8 17. N2xe3 Qc7 18. Nd5 Qc5 19. Ncb6 Be6 20.
Nxa8 Nc6 21. Nxe7+ Qxe7 22. Qc2 f5 23. Rd1 e4 24. Be2 Ne5 25. Nb6 Qc5 26.
Na4 Qc7 27. b3 b5 28. Nb2 h6 29. Qd2 Kh7 30. Qd8 Qc5 31. Qd2 g5 32. h4 g4
33. Re1 g3 {White forfeits on time} 0-1

[Event "ICCopen2016"]
[Site "Internet Chess Club"]
[Date "2016.06.04"]
[Round "11"]
[White "cap78red"]
[Black "bythebook"]
[Result "0-1"]
[ICCResult "White checkmated"]
[WhiteElo "1359"]
[BlackElo "1681"]
[Opening "English opening"]
[ECO "A16"]
[NIC "EO.64"]
[Time "15:54:52"]
[TimeControl "180+0"]

1. c4 Nf6 2. Nc3 g6 3. e4 d6 4. d3 Bg7 5. f4 c5 6. Nf3 Nc6 7. Be2 a6 8. O-O
Bd7 9. f5 Qc7 10. h3 Nd4 11. g4 d5 12. fxg6 Qg3+ 13. Kh1 Qxh3+ 14. Nh2 hxg6
15. Rf2 Nxe2 16. Nxe2 Nxg4 17. Qg1 Nxf2+ 18. Qxf2 Be5 19. Bf4 Qh5 20. Ng3
Qxh2+ 21. Qxh2 Rxh2+ 22. Kxh2 Bxf4 23. Kg2 Bxg3 24. Kxg3 dxc4 25. dxc4 Be6
26. b3 Rd8 27. Rh1 Rd3+ 28. Kf4 f6 29. e5 Kd7 30. exf6 exf6 31. Ke4 Bf5+ 32.
Kf4 Rd4+ 33. Ke3 g5 34. Rf1 Ke6 35. Kf2 Rf4+ 36. Ke1 Rxf1+ 37. Kxf1 Ke5 38.
a3 Kd4 39. b4 Kxc4 40. bxc5 Kb3 41. Kf2 Kxa3 42. Ke3 Kb4 43. Kd4 a5 44. Kd5
a4 45. Kd6 a3 46. Kc7 Kxc5 47. Kxb7 a2 48. Kc7 a1=Q 49. Kd8 g4 50. Ke7 g3
51. Kf7 g2 52. Ke7 g1=Q 53. Kf7 Qg6+ 54. Ke7 Qa7+ 55. Kf8 Qgf7#
{White checkmated}
0-1

[Event "ICCopen2016"]
[Site "Internet Chess Club"]
[Date "2016.06.04"]
[Round "11"]
[White "RobbieWilliams"]
[Black "GreyWarden"]
[Result "0-1"]
[ICCResult "White resigns"]
[WhiteElo "1793"]
[BlackElo "2050"]
[Opening "Queen's pawn game"]
[ECO "A45"]
[NIC "QP.07"]
[Time "15:55:20"]
[TimeControl "180+0"]

1. d4 Nf6 2. e3 g6 3. Nc3 Bg7 4. e4 d6 5. f3 c6 6. Be3 b5 7. Qd2 Nbd7 8.
O-O-O Qa5 9. Kb1 b4 10. Nce2 Nb6 11. Nc1 Na4 12. Nb3 Qb6 13. d5 c5 14. Bc4
Nd7 15. Ne2 Nxb2 16. Bd3 a5 17. Bh6 Bf6 18. Bg5 Nxd1 19. Rxd1 a4 20. Bxf6
Nxf6 21. Nbc1 Ba6 22. g4 c4 23. e5 cxd3 24. exf6 dxe2 25. Nxe2 exf6 26. Ng3
O-O 27. Qh6 b3 28. Rg1 bxc2+ 29. Kxc2 Rfc8+ 30. Kd2 Qxg1 {White resigns} 0-1

[Event "ICCopen2016"]
[Site "Internet Chess Club"]
[Date "2016.06.04"]
[Round "11"]
[White "Nostradamus"]
[Black "MasterZachary"]
[Result "1-0"]
[ICCResult "Black forfeits on time"]
[WhiteElo "2429"]
[BlackElo "2144"]
[Opening "Four knights: Scotch, 4...exd4"]
[ECO "C47"]
[NIC "KP.06"]
[Time "15:53:47"]
[TimeControl "180+0"]

1. e4 e5 2. Nf3 Nc6 3. Nc3 Nf6 4. d4 exd4 5. Nxd4 Bb4 6. Nxc6 bxc6 7. Bd3
O-O 8. O-O Re8 9. Bg5 h6 10. Bh4 Rb8 11. f4 d6 12. e5 dxe5 13. Ne4 Be7 14.
Bxf6 Bxf6 15. f5 Rxb2 16. Qh5 Rb4 17. Rad1 Rd4 18. Rde1 Qe7 19. Rf3 c5 20.
Rg3 c4 21. Qxh6 Rxe4 22. Bxe4 Qc5+ 23. Kh1 Qf2 24. Qe3 Qf4 25. Rf3 Qh4 26.
g3 Qh5 27. Rf2 Rd8 28. Rd2 Rd4 29. Bf3 Qh3 30. Bg2 Qh5 31. Bf3 Bb7 32. Bxb7
Bg5 33. Qxe5 Rxd2 34. Qe8+ Kh7 35. Bg2 Rf2 36. Qe4 Qh6 37. f6+ g6 38. Qe7
Rxf6 39. Qe8 Bd2 40. Rf1 Rxf1+ 41. Bxf1 Qg7 42. Qe2 Bh6 43. Bg2 Qf6 44. h4
Qg7 45. Kh2 g5 46. Qf3 g4 47. Qe4+ Qg6 48. Bf1 Qxe4 49. Bd3 Qxd3 50. cxd3 c3
51. Kg2 {Black forfeits on time} 1-0

[Event "ICCopen2016"]
[Site "Internet Chess Club"]
[Date "2016.06.04"]
[Round "11"]
[White "anitak"]
[Black "ajedrezlento"]
[Result "1-0"]
[ICCResult "Black checkmated"]
[WhiteElo "2093"]
[BlackElo "1878"]
[Opening "English opening"]
[ECO "A10"]
[NIC "EO.64"]
[Time "15:54:01"]
[TimeControl "180+0"]

1. c4 a5 2. Nc3 g6 3. g3 Bg7 4. Bg2 d6 5. e3 Nd7 6. Nge2 e5 7. O-O Ngf6 8.
d3 O-O 9. a3 Re8 10. Rb1 Ra7 11. b4 axb4 12. axb4 c6 13. b5 Qc7 14. Qc2 Ra8
15. bxc6 bxc6 16. Nb5 cxb5 17. Bxa8 Nb6 18. Bg2 bxc4 19. Ba3 Bf5 20. e4 Be6
21. Rfc1 Rc8 22. Bb4 Qc6 23. Ba5 Na4 24. dxc4 Nc5 25. Rb6 Qd7 26. Nc3 Bh6
27. Rd1 Qa7 28. Rb5 Bxc4 29. Bb6 Qe7 30. Nd5 Bxd5 31. exd5 Nfd7 32. Bxc5
Nxc5 33. Qb1 Rc7 34. Rb8+ Kg7 35. Bh3 f5 36. Bf1 e4 37. Qa1+ Qe5 38. Qxe5+
dxe5 39. d6 Ra7 40. Bb5 Ne6 41. d7 Ra5 42. Bc4 Bg5 43. Bxe6 f4 44. Rg8+ Kf6
45. d8=Q+ Kxe6 46. Qd7+ Kf6 47. Rf8# {Black checkmated} 1-0

[Event "ICCopen2016"]
[Site "Internet Chess Club"]
[Date "2016.06.04"]
[Round "11"]
[White "Palenque"]
[Black "RJoseph12"]
[Result "0-1"]
[ICCResult "White forfeits on time"]
[WhiteElo "1630"]
[BlackElo "1392"]
[Opening "KGA: Cunningham defense"]
[ECO "C35"]
[NIC "KG.02"]
[Time "15:54:01"]
[TimeControl "180+0"]

1. e4 e5 2. f4 exf4 3. Nf3 Be7 4. Bc4 Bh4+ 5. Kf1 d6 6. d4 Bg4 7. Nc3 Nc6 8.
Bxf4 Bxf3 9. gxf3 Nge7 10. Rg1 Ng6 11. Bg3 Bxg3 12. Rxg3 Qh4 13. Kg1 Na5 14.
Be2 O-O 15. d5 b6 16. Qd2 Nb7 17. Rf1 Kh8 18. f4 Qe7 19. Bf3 Nh4 20. Bh1 Nc5
21. Qd4 Rg8 22. b4 Nb7 23. e5 dxe5 24. fxe5 Rae8 25. d6 cxd6 26. Bxb7 Qxb7
27. exd6 Nf5 28. Rxf5 Qd7 29. Rf1 Rd8 30. Ne4 f5 31. Ng5 h6 32. Nf3 Qxd6 33.
Qh4 Qf6 34. Qh3 Rd6 35. Kh1 Re6 36. Ng5 Rc6 37. Nf3 Re6 38. Ng5 Rc6 39. Rxf5
Qd6 40. Nf7+ Kh7 41. Rxg7+ Rxg7 42. Nxh6 Qxh6 43. Rh5 Qxh5
{White forfeits on time}
0-1

[Event "ICCopen2016"]
[Site "Internet Chess Club"]
[Date "2016.06.04"]
[Round "11"]
[White "InigoMI"]
[Black "BigCol"]
[Result "1-0"]
[ICCResult "Black checkmated"]
[WhiteElo "1557"]
[BlackElo "1710"]
[Opening "French defense, Steiner variation"]
[ECO "A13"]
[NIC "EO.64"]
[Time "15:55:13"]
[TimeControl "180+0"]

1. c4 e6 2. e4 d5 3. exd5 exd5 4. d4 dxc4 5. Bxc4 Nf6 6. Nc3 Bd6 7. Bg5 O-O
8. Nge2 h6 9. Bh4 c6 10. O-O Bf5 11. d5 c5 12. Ng3 Bh7 13. Nge4 Be7 14. d6
Nxe4 15. dxe7 Qxd1 16. Raxd1 Re8 17. Nb5 Na6 18. f3 g5 19. fxe4 gxh4 20.
Bxf7+ Kh8 21. Bxe8 Rxe8 22. Rd8 Bg6 23. Rf8+ Kg7 24. Rfxe8 Bxe8 25. Rxe8 Kf7
26. Nd6+ Kf6 27. e5+ Ke6 28. Rh8 Kxe7 29. Nxb7 Ke6 30. Rxh6+ Kxe5 31. Rxa6
Kd4 32. Rxa7 c4 33. Ra4 Kd3 34. Kf1 Kc2 35. Rxc4+ Kxb2 36. Ke2 Kxa2 37. Rb4
Ka3 38. Rb6 Ka4 39. Kd3 Ka3 40. Kc3 Ka4 41. h3 Ka3 42. Ra6# {Black
checkmated} 1-0

[Event "ICCopen2016"]
[Site "Internet Chess Club"]
[Date "2016.06.04"]
[Round "11"]
[White "DrOussedik"]
[Black "chessrex"]
[Result "0-1"]
[ICCResult "White checkmated"]
[WhiteElo "2155"]
[BlackElo "1965"]
[Opening "Queen's pawn: Charlick (Englund) gambit"]
[ECO "A40"]
[NIC "QO.17"]
[Time "15:54:34"]
[TimeControl "180+0"]

1. d4 e5 2. dxe5 Nc6 3. Nf3 Nge7 4. Bg5 h6 5. Bh4 g5 6. Bg3 Bg7 7. h4 g4 8.
Nd4 Nxe5 9. h5 d6 10. e3 N7c6 11. c4 Nxd4 12. exd4 Nc6 13. d5 Bxb2 14. dxc6
Bxa1 15. Nd2 Be5 16. Be2 f5 17. Qa4 b6 18. Qc2 Bxg3 19. fxg3 O-O 20. O-O Qg5
21. c5 Qe3+ 22. Rf2 Qxc5 23. Qb3+ d5 24. Qd3 Be6 25. Nb3 Qc4 26. Qd2 Qxc6
27. Qxh6 Bd7 28. Qg5+ Kh8 29. Nd4 Qf6 30. Qf4 c5 31. Nb5 Bxb5 32. Bxb5 Rad8
33. Re2 Qd4+ 34. Qxd4+ cxd4 35. Bd3 Rde8 36. Rd2 Re3 37. Bb5 Rxg3 38. Rxd4
Rd8 39. Kh2 Rc3 40. Rf4 Rc5 41. Bd3 d4 42. Bxf5 Rf8 43. Rxd4 Rcxf5 44. Rd7
R5f7 45. Rd6 Kh7 46. Kg3 Rg7 47. Kh4 Rf1 48. g3 Rh1# {White checkmated} 0-1

[Event "ICCopen2016"]
[Site "Internet Chess Club"]
[Date "2016.06.04"]
[Round "11"]
[White "searchforbobby1"]
[Black "SurferRosa"]
[Result "0-1"]
[ICCResult "White forfeits on time"]
[WhiteElo "2114"]
[BlackElo "2453"]
[Opening "Sicilian: Alapin's variation (2.c3)"]
[ECO "B22"]
[NIC "SI.47"]
[Time "15:53:59"]
[TimeControl "180+0"]

1. e4 c5 2. c3 Nf6 3. e5 Nd5 4. d4 cxd4 5. Nf3 e6 6. cxd4 d6 7. a3 Nc6 8.
Bd3 g6 9. O-O Bg7 10. Qe2 O-O 11. Bd2 b6 12. Nc3 Nxc3 13. Bxc3 Bb7 14. Be4
Qd7 15. Rfd1 Rfe8 16. Rac1 Rac8 17. b4 Nd8 18. Bxb7 Nxb7 19. Bd2 Qa4 20. Qe4
d5 21. Qd3 Rc4 22. Ng5 Rec8 23. Ra1 h6 24. Nf3 Qc2 25. Qe3 Qe4 26. h3 Nd8
27. Qb3 Nc6 28. Be3 Ne7 29. Rac1 Nf5 30. Nd2 Rxc1 31. Nxe4 Rxd1+ 32. Qxd1
dxe4 33. g4 Ne7 34. Qb1 Nd5 35. Qxe4 b5 36. Qb1 Rc4 37. Kg2 a6 38. h4 Bf8
39. h5 g5 40. Qd1 Rc3 41. Qa1 Rc2 42. Kf3 Rc4 43. Ke4 Nc3+ 44. Kd3 Nd5 45.
Ke4 Nc3+ 46. Kd3 Nd5 47. Kd2 Be7 48. Qf1 Kg7 49. Qd3 Nb6 50. Qe4 Nd5 51. f4
gxf4 52. Bxf4 Nxf4 53. Qb7 Bg5 54. Kd1 Nd5 55. Qxa6 Rxd4+ 56. Kc2 Rxg4 57.
Qxb5 Ne3+ 58. Kd3 Nf5 59. Qe8 Rg3+ 60. Kc4 Rxa3 61. b5 Ne3+ 62. Kb4 Rd3 63.
b6 Nd5+ 64. Kc5 Nxb6 65. Kxb6 Rd5 66. Kc6 Rxe5 67. Qa8 Rf5 68. Qa1+ Bf6 69.
Qg1+ Rg5 70. Qd1 Be5 71. Kd7 Bf6 72. Ke8 e5 {White forfeits on time} 0-1

[Event "ICCopen2016"]
[Site "Internet Chess Club"]
[Date "2016.06.04"]
[Round "11"]
[White "Colombiano07"]
[Black "SeniorNapa"]
[Result "1-0"]
[ICCResult "Black forfeits on time"]
[WhiteElo "1911"]
[BlackElo "1830"]
[Opening "Queen's pawn: London system"]
[ECO "A45"]
[NIC "QP.07"]
[Time "15:54:24"]
[TimeControl "180+0"]

1. d4 Nf6 2. Bf4 d5 3. e3 e6 4. Bd3 c5 5. c3 Nc6 6. Nd2 Bd6 7. Bg3 O-O 8.
Ngf3 Re8 9. Ne5 Bxe5 10. dxe5 Nd7 11. f4 Rb8 12. Nf3 b5 13. Bxh7+ Kxh7 14.
Ng5+ Kg8 15. Qh5 Nf8 16. Qxf7+ Kh8 17. Qh5+ Kg8 18. Bh4 g6 19. Qg4 Qc7 20.
Bg3 Qg7 21. h4 Ne7 22. h5 Nf5 23. Bf2 b4 24. hxg6 Qxg6 25. Qh3 Qg7 26. g4
Ne7 27. cxb4 Rxb4 28. b3 c4 29. O-O c3 30. Rac1 Ba6 31. Rfd1 Rc8 32. Rd4
Rxd4 33. exd4 c2 34. Qe3 Neg6 35. Qd2 Nd7 36. Be3 Qe7 37. Rxc2 Rxc2 38. Qxc2
Kg7 39. Qc6 Be2 40. Qxe6 Qxe6 41. Nxe6+ Kf7 42. f5 Ngxe5 43. dxe5 Nxe5 44.
g5 Bg4 45. g6+ Kf6 46. g7 Kf7 47. Bd4 Nc6 48. Bb2 {Black forfeits on time}
1-0

[Event "ICCopen2016"]
[Site "Internet Chess Club"]
[Date "2016.06.04"]
[Round "11"]
[White "shredded"]
[Black "CrossShark"]
[Result "1-0"]
[ICCResult "Black forfeits on time"]
[WhiteElo "2822"]
[BlackElo "2620"]
[Opening "QGD: Chigorin defense"]
[ECO "D07"]
[NIC "QP.08"]
[Time "15:54:21"]
[TimeControl "180+0"]

1. d4 d5 2. c4 Nc6 3. cxd5 Qxd5 4. e3 e5 5. Nc3 Bb4 6. Bd2 Bxc3 7. Bxc3 exd4
8. Ne2 Bg4 9. f3 Bxf3 10. gxf3 Qxf3 11. Nxd4 Qxh1 12. Nxc6 Qxh2 13. Qg4 bxc6
14. Bxg7 Rd8 15. Rd1 Rxd1+ 16. Kxd1 Ne7 17. Bxh8 h5 18. Qf4 Qh1 19. Ke1 Nd5
20. Qe5+ Kd7 21. Qf5+ Kd6 22. Be5+ Ke7 23. Bd4 Qh4+ 24. Kd2 Qh2+ 25. Kc1 Qg1
26. a3 f6 27. Kb1 Kf7 28. Ka2 Qg4 29. Qh7+ Ke6 30. Bc4 Qf5 31. Qg8+ Kd7 32.
Qf7+ Kc8 33. Ba6+ Kd8 34. Bc5 Nc3+ 35. Kb3 Qd5+ 36. Qxd5+ Nxd5 37. Be2 h4
38. Bg4 {Black forfeits on time} 1-0

[Event "ICCopen2016"]
[Site "Internet Chess Club"]
[Date "2016.06.04"]
[Round "11"]
[White "Antidrome"]
[Black "blitzmaniac"]
[Result "0-1"]
[ICCResult "White checkmated"]
[WhiteElo "2605"]
[BlackElo "2812"]
[Opening "Robatsch (modern) defense"]
[ECO "A40"]
[NIC "KF.05"]
[Time "15:54:34"]
[TimeControl "180+0"]

1. d4 g6 2. e4 Bg7 3. Nc3 d6 4. Be3 a6 5. Nf3 b5 6. Bd3 Bb7 7. e5 e6 8. Qe2
Ne7 9. O-O-O Nd7 10. h4 h6 11. exd6 cxd6 12. d5 Nxd5 13. Nxd5 Bxd5 14. Bf4
Qf6 15. Qe3 Qxb2+ 16. Kd2 e5 17. Ke2 O-O 18. Bxh6 e4 19. Bxe4 Bxe4 20. Bxg7
Kxg7 21. Kf1 Qxc2 22. Qd4+ Ne5 23. Nxe5 dxe5 24. Qxe5+ Kg8 25. Re1 Rae8 26.
Qa1 Bd3+ 27. Kg1 Rxe1+ 28. Qxe1 Rc8 29. Kh2 Qxa2 30. Qe3 Bf5 31. Rd1 Qe6 32.
Qg3 Re8 33. h5 Qe5 34. f4 Qe3 35. Qg5 Qe2 36. Rd5 Qxh5+ 37. Qxh5 gxh5 38.
Rxf5 Rb8 39. Rxh5 b4 40. Kg3 b3 41. Rh4 b2 42. Rg4+ Kf8 43. f5 b1=Q 44. f6
Qb3+ 45. Kh4 Rb4 46. g3 Rxg4+ 47. Kxg4 Qc4+ 48. Kg5 Qd5+ 49. Kh6 Qf5 50. g4
Qg6# {White checkmated} 0-1

[Event "ICCopen2016"]
[Site "Internet Chess Club"]
[Date "2016.06.04"]
[Round "11"]
[White "Shafkat"]
[Black "TZ700A"]
[Result "0-1"]
[ICCResult "White forfeits on time"]
[WhiteElo "1607"]
[BlackElo "1400"]
[Opening "Ruy Lopez: old Steinitz defense"]
[ECO "C62"]
[NIC "RL.02"]
[Time "15:54:00"]
[TimeControl "180+0"]

1. e4 e5 2. Nf3 Nc6 3. Bb5 d6 4. d4 exd4 5. Nxd4 Bd7 6. Nxc6 bxc6 7. Bc4 Nf6
8. Nc3 Be7 9. Bg5 O-O 10. Qe2 Rb8 11. O-O-O Be6 12. Bb3 Bxb3 13. axb3 Nd7
14. Bxe7 Qxe7 15. Kb1 Nc5 16. f3 Rb7 17. h4 Rfb8 18. h5 h6 19. g4 Qe6 20. f4
Nxb3 21. cxb3 Qxb3 22. Qc2 Qxc2+ 23. Kxc2 Rxb2+ 24. Kd3 Rg2 25. Rhg1 Rbb2
26. Rxg2 Rxg2 27. Ra1 Rxg4 28. Rxa7 Rxf4 29. Rxc7 c5 30. Nd5 Rh4 31. Ne7+
Kh7 32. Rd7 Rxh5 33. Rxd6 Re5 34. Nf5 h5 35. Nh4 g5 36. Ng2 h4 37. Rd7 Kg7
38. Ke3 h3 39. Ne1 h2 40. Nd3 Rxe4+ 41. Kxe4 h1=Q+ 42. Ke3 g4 43. Ne5 g3 44.
Rxf7+ Kg8 45. Rf4 g2 46. Rg4+ Kf8 47. Nd7+ Ke8 48. Nxc5 g1=Q+ 49. Rxg1 Qxg1+
50. Ke4 Qxc5 51. Kf4 Qc7+ 52. Ke4 Qe7+ 53. Kd3 Qf8 54. Kc4 Qg7 55. Kb5 Qf6
56. Kc4 Qe7 {White forfeits on time} 0-1

[Event "ICCopen2016"]
[Site "Internet Chess Club"]
[Date "2016.06.04"]
[Round "11"]
[White "Zebbile"]
[Black "karodash"]
[Result "1-0"]
[ICCResult "Black resigns"]
[WhiteElo "1756"]
[BlackElo "1610"]
[Opening "Queen's pawn game"]
[ECO "D02"]
[NIC "QP.09"]
[Time "15:55:12"]
[TimeControl "180+0"]

1. Nf3 d5 2. d4 e6 3. Bf4 f5 4. e3 Nf6 5. Bd3 c6 6. O-O Bd6 7. Bg3 O-O 8. c4
Ne4 9. Bxe4 fxe4 10. Ne5 Qg5 11. c5 Bc7 12. Nc3 Nd7 13. Nxd7 Bxg3 14. Nxf8
Bc7 15. f4 Qh6 16. Nxh7 Kxh7 17. b4 g5 18. Ne2 Bd7 19. fxg5 Qxh2+ 20. Kf2
Qh4+ 21. g3 Rf8+ 22. Ke1 Bxg3+ 23. Kd2 Rxf1 24. Qxf1 Qxg5 25. Qf7+ Kh6 26.
Rh1+ {Black resigns} 1-0